 Dungeon Crawl Stone Soup version 0.30-a0-311-gf115ab0292 (webtiles) character file.

Game seed: 6689374030990570213

293178 Kirkhe the Eclecticist (level 20, -6/208 HPs)
             Began as a Demonspawn Ice Elementalist on Oct 25, 2022.
             Was the Champion of Vehumet.
             Mangled by an ironbound frostheart (7 damage)
             ... on level 3 of the Vaults.
             The game lasted 02:52:42 (46511 turns).

Kirkhe the Eclecticist (DsIE)                      Turns: 46511, Time: 02:52:42

Health: -6/208     AC: 41    Str: 14    XL:     20   Next: 0%
Magic:  11/43      EV: 15    Int: 25    God:    Vehumet [******]
Gold:   4302       SH: 13    Dex: 13    Spells: 28/57 levels left

rFire   + . .      SeeInvis +    O - +7 rapier (elec)
rCold   + . .      Faith    .    i - +2 buckler
rNeg    . . .      Spirit   .    N - +5 robe of Night {Dark Will+ SInv}
rPois   +          Reflect  +    (helmet unavailable)
rElec   .          Harm     .    x - +2 cloak
rCorr   .          Rampage  .    y - +1 pair of gloves of Moral Flaws {Int+2 Stlth+}
Will    ++...                    L - +3 pair of mountain boots {steadfast, rC+}
Stlth   ..........               Y - amulet of reflection
HPRegen 0.54/turn                H - ring of poison resistance
MPRegen 0.28/turn                S - ring of protection from fire

@: berserking (expiring), ice-armoured, sanguine armoured, studying Evocations,
very quick
A: antennae 3, powered by death 1, augmentation 3, sanguine armour 3, demonic
magic 3, mutation resistance 1, strong 1, sturdy frame 1
}: 2/15 runes: serpentine, barnacled
a: Renounce Religion


You were on level 3 of the Vaults.
You worshipped Vehumet.
Vehumet was exalted by your worship.
You visited 8 branches of the dungeon, and saw 37 of its levels.
You also visited: Bailey and Ice Cave.

You collected 6027 gold pieces.
You spent 1725 gold pieces at shops.

Inventory:

Hand Weapons
 O - a +7 rapier of electrocution (weapon)
Armour
 i - a +2 buckler (worn)
 x - a +2 cloak (worn)
 y - the +1 pair of gloves of Moral Flaws (worn) {Int+2 Stlth+}
   (You found it on level 3 of the Shoals)

   Int:       It affects your intelligence (+2).
   Stlth:     It makes you more stealthy.
 L - the +3 pair of mountain boots (worn) {steadfast, rC+}
   (You found it in a bailey)

   It prevents involuntary movement, except for blinking, teleportation, or
   banishment.
   rC:        It protects you from cold.
 N - the +5 robe of Night (worn) {Dark Will+ SInv}
   (You found it in a bailey)

   It shrouds the wearer in darkness, reducing the range at which they can see
   and be seen by others.
   SInv:      It lets you see invisible.
   Will:      It increases your willpower.
 P - a +1 robe of resistance
 U - the +1 robe "Poppamae" {Drain rElec Str+7 Slay+6}
   (You found it on level 1 of the Snake Pit)

   Str:       It affects your strength (+7).
   Slay:      It affects your accuracy & damage with ranged weapons and melee
   (+6).
   rElec:     It insulates you from electricity.
   Drain:     It drains your maximum health when unequipped.
Jewellery
 f - an amulet of regeneration
 o - a +6 ring of intelligence
 u - a ring of wizardry
 w - a ring of resist corrosion
 F - a ring of protection from cold
 H - a ring of poison resistance (left hand)
 Q - a +4 ring of protection
 R - an amulet of magic regeneration
 S - a ring of protection from fire (right hand)
 Y - an amulet of reflection (around neck)
Wands
 c - a wand of roots (11)
 k - a wand of polymorph (5)
 t - a wand of acid (3)
 K - a wand of digging (19)
 W - a wand of mindburst (8)
Scrolls
 m - 4 scrolls of amnesia
 r - 2 scrolls of summoning
 s - 8 scrolls of immolation
 z - 15 scrolls of teleportation
 A - a scroll of brand weapon
 B - 4 scrolls of magic mapping
 C - 2 scrolls of silence
 D - 19 scrolls of identify
 E - 3 scrolls of fear
 I - 3 scrolls of poison
 J - 2 scrolls of blinking
 T - 5 scrolls of enchant armour
 Z - 4 scrolls of fog
Potions
 a - a potion of berserk rage
 b - 3 potions of magic
 d - 10 potions of mutation
 e - 6 potions of brilliance
 g - 3 potions of attraction
 h - a potion of cancellation
 j - 20 potions of curing
 l - 3 potions of resistance
 n - a potion of might
 p - 3 potions of ambrosia
 q - 6 potions of haste
 v - 7 potions of flight
 M - 2 potions of invisibility
 V - 2 potions of heal wounds
Miscellaneous
 G - a condenser vane
 X - a phantom mirror


   Skills:
 + Level 7.5 Fighting
 + Level 11.2 Short Blades
 * Level 8.2 Dodging
 + Level 15.4 Stealth
 * Level 8.4 Shields
 + Level 19.0 Spellcasting
 + Level 2.2 Conjurations
 + Level 18.1 Ice Magic
 - Level 5.1 Air Magic
 - Level 0.3 Poison Magic
 + Level 1.3 Evocations


You had 28 spell levels left.
You knew the following spells:

 Your Spells              Type           Power      Damage    Failure   Level
a - Freeze                Ice            100%       1d10      0%          1
b - Frozen Ramparts       Ice            100%       1d16      0%          3
c - Ozocubu's Armour      Ice            85%        N/A       0%          3
d - Mephitic Cloud        Conj/Pois/Air  36%        N/A       1%          3
e - Freezing Cloud        Conj/Ice/Air   30%        6-21      1%          5
f - Swiftness             Air            49%        N/A       1%          3
g - Ozocubu's Refrigerat  Ice            42%        4d16      1%          7
h - Airstrike             Air            24%        2d(4-20)  1%          4

Your spell library contained the following spells:

 Spells                   Type           Power      Damage    Failure   Level
 Maxwell's Capacitive Co  Air            24%        ∞         98%         8
 Chain Lightning          Conj/Air       21%        3d28      100%        9
 Fire Storm               Conj/Fire      14%        8d4       100%        9
 Magic Dart               Conj           100%       1d8       1%          1
 Sandblast                Erth           46%        2d11      1%          1
 Shock                    Conj/Air       100%       1d9       1%          1
 Poisonous Vapours        Pois/Air       74%        N/A       1%          2
 Ignite Poison            Fire/Tmut/Pois 24%        N/A       1%          3
 Inner Flame              Hex/Fire       23%        N/A       1%          3
 Kindle Blastsparks       Fire/Tloc/Air  64%        2d15      1%          3
 Stone Arrow              Conj/Erth      58%        3d10      1%          3
 Summon Ice Beast         Ice/Summ       62%        N/A       1%          4
 Necrotise                Necr           92%        1d8       2%          1
 Sting                    Tmut/Pois      96%        1d7       2%          1
 Summon Small Mammal      Summ           92%        N/A       2%          1
 Passwall                 Tmut/Erth      19%        N/A       3%          2
 Fulminant Prism          Conj/Hex       14%        3d9       4%          4
 Iskenderun's Mystic Bla  Conj/Tloc      29%        2d7       4%          4
 Arcjolt                  Conj/Air       21%        1d31      4%          5
 Olgreb's Toxic Radiance  Pois           25%        N/A       5%          4
 Call Canine Familiar     Summ           23%        N/A       7%          3
 Summon Guardian Golem    Hex/Summ       23%        N/A       7%          3
 Tukima's Dance           Hex            23%        N/A       7%          3
 Vampiric Draining        Necr           23%        2d7       7%          3
 Simulacrum               Ice/Necr       31%        N/A       9%          6
 Lee's Rapid Deconstruct  Erth           11%        3d8*      17%         5
 Yara's Violent Unravell  Hex/Tmut       11%        3d6       17%         5
 Conjure Ball Lightning   Conj/Air       21%        3x3d6     21%         6
 Animate Armour           Summ/Erth      46%        N/A       24%         4
 Animate Dead             Necr           23%        N/A       24%         4
 Cause Fear               Hex            11%        N/A       24%         4
 Passage of Golubria      Tloc           23%        N/A       24%         4
 Polar Vortex             Ice            42%        N/A       32%         9
 Iron Shot                Conj/Erth      14%        9d4       50%         6
 Agony                    Necr           23%        N/A       54%         5
 Summon Forest            Summ/Tloc      11%        N/A       54%         5
 Summon Mana Viper        Hex/Summ       23%        N/A       54%         5
 Eringya's Noxious Bog    Tmut/Pois      12%        N/A       61%         6
 Haunt                    Necr/Summ      11%        N/A       100%        7
 Monstrous Menagerie      Summ           11%        N/A       100%        7
 Summon Hydra             Summ           11%        N/A       100%        7
 Discord                  Hex            11%        N/A       100%        8
 Infestation              Necr           11%        N/A       100%        8


Dungeon Overview and Level Annotations

Branches:
Dungeon (15/15)            Temple (1/1) D:5            Lair (5/5) D:11
 Shoals (4/4) Lair:2        Snake (4/4) Lair:3        Slime (0/5) Lair:5
    Orc (2/2) D:11            Elf (3/3) Orc:2        Vaults (3/5) D:14
  Crypt (0/3) Vaults:2     Depths (0/4) D:15         Bailey (visited)
  IceCv (visited)

Altars:
Ashenzari
Cheibriados
Dithmenos
Fedhas
Gozag
Hepliaklqana
Kikubaaqudgha
Makhleb
Nemelex Xobeh
Okawaru
Qazlal
Ru
Sif Muna
Trog
Uskayaw
Vehumet
Wu Jian
Xom
Yredelemnul
Jiyva

Shops:
D:9 *   Orc:2 ([:*   Elf:1 [*   Elf:3 [   Shoals:2 :   Snake:2 *   Snake:4 ?*(*
Vaults:2 [

Portals:
Abyss: Shoals:1
Trove: Vaults:2 (give 2 scrolls of acquirement)

Annotations:
D:2 Sigmund
D:4 3 runed translucent doors, SneFader's ghost, weakling DgCj
Lair:1 1 runed translucent door
Shoals:1 2 transporters, Hemirghao's ghost, adept SpEn
Shoals:2 Ilsuiw
Shoals:3 Roxanne
Snake:2 1 runed translucent door
Elf:2 3 runed translucent doors
Elf:3 1 exclusion


Innate Abilities, Weirdness & Mutations

You have a pair of large antennae on your head. (SInv)
You regenerate a little health from kills.
Your magical and physical power is greatly enhanced at high health.
When seriously injured, your blood forms very thick armour. (AC +12)
Spells you cast and wands you use may paralyse nearby enemies.
You are somewhat resistant to further mutation.
Your muscles are strong. (Str +4, Int/Dex -1)
Your movements are slightly less encumbered by armour. (ER -2)


Message History

The war gargoyle is almost destroyed.
You block the peacekeeper's attack. x2
Unknown command.
You hit the war gargoyle but do no damage.
The war gargoyle is almost destroyed.
The war gargoyle hits you with a +3 vorpal flail!!
* * * LOW HITPOINT WARNING * * *
x2 Unknown command.
Unknown command.
Unknown command.
You puncture the war gargoyle!
You destroy the war gargoyle!
Vehumet accepts your kill.
You feel your power returning. The peacekeeper misses you.
You block the peacekeeper's attack.
You block the ironbound convoker's attack.
The ironbound frostheart touches you but does no damage.
You have reached level 20!
You feel stronger.
Your demonic ancestry asserts itself...
Your wands become infused with your menacing aura.
You puncture the ironbound convoker!
You kill the ironbound convoker!
Vehumet accepts your kill.
You feel your power returning. You block the peacekeeper's attack. x2
Unknown command.
Your icy armour will break if you move.
Continue?
Okay, then.
Unknown command.
You are too berserk!
You are too berserk!
You are too berserk!
Unknown command.
Unknown command.
You puncture the ironbound frostheart!
Lightning courses through the ironbound frostheart!!
The ironbound frostheart is moderately wounded.
The ironbound frostheart touches you.
* * * LOW HITPOINT WARNING * * *
The ironbound frostheart freezes you! You resist.
You die...

####''######
#.......#
#.......#
#.......#
#.......#
#.......#
#.......#
#.9.....#
#.p@....#
#.9)....#
######'#######
#...........
#...........
#...........
'..........9
#...........
#.....{....


You could see an ironbound frostheart, a war gargoyle (strong) and a
peacekeeper.

Vanquished Creatures
  Margery (Vaults:2)
  Jorgrun (Shoals:2)
  Asterion (Vaults:2)
  2 sphinxes (Vaults:2)
  Agnes (Snake:1)
  A tengu reaver (Vaults:2)
  4 nagarajas
  2 frost giants (Shoals:4)
  A deep elf sorcerer (Elf:1)
  6 vault wardens
  2 orc warlords
  4 very ugly things
  A war gargoyle (Vaults:3)
  7 ironbound preservers
  2 ironbound thunderhulks
  3 stone giants
  Azrael (Snake:3)
  7 dire elephants (Vaults:1)
  A bunyip (shapeshifter) (D:11)
  An ettin (D:11)
  Snorg (Lair:5)
  2 deep elf death magi
  4 merfolk javelineers
  2 entropy weavers (Vaults:2)
  11 merfolk impalers
  A fire dragon (D:11)
  2 jiangshi (Vaults:2)
  Josephine (D:11)
  4 yaktaur captains
  2 great orbs of eyes
  2 deep elf high priests
  2 rakshasas
  9 vault guards
  5 hydras
  6 salamander tyrants (Snake:4)
  A catoblepas (D:15)
  12 centaur warriors
  5 merfolk avatars
  11 anacondas
  Erica (Orc:1)
  8 merfolk aquamancers
  3 two-headed ogres
  8 boulder beetles
  13 dancing weapons
  7 ironbound frosthearts
  5 tengu warriors
  An alligator snapping turtle (Shoals:4)
  3 satyrs
  7 orc high priests (Orc:2)
  14 naga warriors
  The ghost of Caerun the Cruncher, a novice GnWn of Makhleb (D:9)
  Sonja (D:11)
  9 naga sharpshooters
  5 shock serpents
  A hell knight (Vaults:2)
  12 deep elf knights
  A skeletal warrior (D:11)
  A goliath frog (Lair:5)
  A goliath frog (shapeshifter) (D:11)
  13 deep trolls (Vaults:1)
  7 salamander mystics
  22 sea snakes
  A deep troll (shapeshifter) (D:14)
  7 naga ritualists
  4 ironbound convokers
  5 lindwurms
  4 orc knights
  2 phantasmal warriors (Vaults:2)
  6 harpies
  3 necromancers (Vaults:2)
  A wizard (D:14)
  An orange crystal statue (IceCv)
  25 deep elf pyromancers
  15 deep elf zephyrmancers
  A lindwurm (shapeshifter) (D:15)
  4 deep elf archers
  6 cyclopes
  15 ugly things
  13 manticores
  An orc sorcerer (D:9)
  19 salamanders
  A salamander (shapeshifter) (D:9)
  12 mana vipers
  11 elephants
  A moth of wrath (shapeshifter) (D:11)
  4 vault sentinels
  8 merfolk sirens
  6 fauns
  7 water nymphs
  17 naga magi
  39 black mambas
  7 guardian serpents
  3 gargoyles
  An unseen horror (D:12)
  14 cane toads
  3 kobold demonologists
  3 efreet
  12 komodo dragons
  6 yaktaurs
  4 rime drakes
  2 tengu conjurers
  3 freezing wraiths
  2 anaconda simulacra (IceCv)
  5 polar bears
  22 merfolk
  13 trolls
  6 wind drakes
  3 meliai (D:15)
  A tarantella (Vaults:2)
  14 blink frogs (Lair:5)
  2 tyrant leeches (Lair:5)
  6 snapping turtles
  Grinder (D:6)
  32 slime creatures
  11 dream sheep (Lair:5)
  3 air elementals
  11 water elementals
  A vampire (D:11)
  7 wraiths
  2 shadows
  6 wyverns
  Eustachio (D:6)
  35 yaks
  A spriggan (Lair:4)
  3 basilisks
  Grum (D:11)
  5 fire elementals
  10 vampire mosquitoes
  2 steam dragons
  A redback (Vaults:2)
  5 wargs
  2 harpy simulacra (IceCv)
  Edmund (D:5)
  5 acid dragons
  33 nagas
  Duvessa (D:5)
  19 water moccasins
  3 hell hounds (Snake:3)
  18 orc warriors
  2 sky beasts
  3 black bears
  An alligator simulacrum (IceCv)
  An ettin simulacrum (IceCv)
  An ogre (shapeshifter) (D:11)
  11 wolves
  3 ogres (Orc:2)
  20 centaurs
  A phantom (D:5)
  3 kobold brigands
  3 earth elementals
  15 bullfrogs
  2 necrophages (D:6)
  2 gnoll sergeants
  A scorpion (D:6)
  24 wights
  7 killer bees
  Dowan (D:5)
  2 lindwurm simulacra (IceCv)
  15 electric eels
  A howler monkey (shapeshifter) (D:15)
  4 howler monkeys
  4 jellies
  2 gnoll boudas
  36 orc priests
  4 hounds
  4 iguanas
  17 orc wizards
  6 adders
  18 gnolls
  A white imp (D:8)
  An ufetubus (D:7)
  2 worms (D:2)
  4 dart slugs
  97 orcs
  5 ball pythons
  2 bats (D:2)
  5 endoplasms
  4 giant cockroaches
  10 goblins
  6 hobgoblins
  6 jackals
  10 kobolds
  3 quokkas
  6 frilled lizards
  3 rats
  A plant (Shoals:4)
1247 creatures vanquished.

Vanquished Creatures (others)
  An orc warrior (D:11)
  30 fungi
  389 plants
420 creatures vanquished.

Grand Total: 1667 creatures vanquished

Notes
Turn   | Place    | Note
-------+----------+-------------------------------------------
     0 | D:1      | Kirkhe the Demonspawn Ice Elementalist began the quest for
                  | the Orb.
     0 | D:1      | Reached XP level 1. HP: 13/13 MP: 3/3
   330 | D:1      | Gained mutation: You have a pair of small antennae on your
                  | head. [demonic ancestry]
   330 | D:1      | Reached XP level 2. HP: 19/19 MP: 0/5
   829 | D:2      | Gained mutation: When seriously injured, your blood forms
                  | armour. (AC +12) [demonic ancestry]
   829 | D:2      | Reached XP level 3. HP: 24/24 MP: 1/7
  1194 | D:2      | Learned a level 3 spell: Frozen Ramparts
  1198 | D:2      | Learned a level 3 spell: Ozocubu's Armour
  1209 | D:2      | Reached XP level 4. HP: 30/30 MP: 2/8
  1269 | D:2      | Found a faded altar of an unknown god.
  1369 | D:2      | Noticed Sigmund
  1815 | D:2      | Reached skill level 3 in Spellcasting
  2044 | D:3      | Gained mutation: Your muscles are strong. (Str +4, Int/Dex
                  | -1) [potion of mutation]
  2044 | D:3      | Gained mutation: You are somewhat resistant to further
                  | mutation. [potion of mutation]
  2044 | D:3      | Gained mutation: Your movements are slightly less
                  | encumbered by armour. (ER -2) [potion of mutation]
  2216 | D:3      | Reached XP level 5. HP: 25/35 MP: 4/9
  2480 | D:3      | Noticed a water elemental
  2482 | D:3      | Found a stormy altar of Qazlal.
  2483 | D:3      | Noticed a fire elemental
  2483 | D:3      | Noticed an air elemental
  2889 | D:3      | Reached skill level 1 in Short Blades
  3225 | D:4      | Found a blossoming altar of Fedhas.
  3329 | D:4      | Found a runed translucent gate.
  3369 | D:4      | Noticed SneFader's ghost (weakling DgCj)
  3376 | D:4      | Found a runed translucent gate.
  3376 | D:4      | Found a runed translucent gate.
  3558 | D:4      | Found a hazy altar of Hepliaklqana.
  3617 | D:4      | Noticed a black bear
  3827 | D:4      | Killed a black bear
  3828 | D:4      | Reached skill level 1 in Fighting
  3828 | D:4      | Reached skill level 4 in Spellcasting
  3828 | D:4      | Reached skill level 5 in Ice Magic
  3828 | D:4      | Gained mutation: Spells you cast may paralyse adjacent
                  | enemies. [demonic ancestry]
  3828 | D:4      | Reached XP level 6. HP: 37/43 MP: 0/12
  4250 | D:5      | Entered Level 5 of the Dungeon
  4252 | D:5      | You fall into a shaft and drop 2 floors!
  4333 | D:5      | Found a staircase to the Ecumenical Temple.
  4404 | Temple   | Entered the Ecumenical Temple
  4430 | Temple   | Became a worshipper of Vehumet
  4453 | D:5      | Noticed Edmund
  4715 | D:5      | Gained mutation: When seriously injured, your blood forms
                  | thick armour. (AC +12) [demonic ancestry]
  4715 | D:5      | Reached XP level 7. HP: 40/49 MP: 3/13
  5089 | D:5      | Reached skill level 5 in Spellcasting
  5380 | D:5      | Killed Edmund
  5491 | D:5      | Found an opulent altar of Gozag.
  5511 | D:5      | Noticed Dowan
  5517 | D:5      | Noticed Duvessa
  5526 | D:5      | Killed Dowan
  5526 | D:5      | Reached * piety under Vehumet
  5526 | D:5      | Offered knowledge of Foxfire by Vehumet.
  5532 | D:5      | Killed Duvessa
  5533 | D:5      | Reached XP level 8. HP: 41/56 MP: 6/16
  5537 | D:5      | Reached skill level 6 in Spellcasting
  5782 | D:6      | Noticed Grinder
  6159 | D:6      | Noticed Eustachio
  6162 | D:6      | Found a shadowy altar of Dithmenos.
  6191 | D:6      | Killed Eustachio
  6292 | D:6      | Reached skill level 7 in Spellcasting
  6411 | D:6      | Gained mutation: You have a pair of antennae on your head.
                  | [demonic ancestry]
  6411 | D:6      | Reached XP level 9. HP: 61/62 MP: 14/19
  6513 | D:6      | Found a shimmering altar of Xom.
  6786 | D:6      | Killed Grinder
  6787 | D:6      | Reached skill level 5 in Stealth
  7140 | D:7      | Reached ** piety under Vehumet
  7140 | D:7      | Offered knowledge of Momentum Strike by Vehumet.
  7816 | D:8      | Found an ancient bone altar of Kikubaaqudgha.
  7901 | D:8      | Reached skill level 8 in Spellcasting
  7907 | D:8      | Offered knowledge of Mephitic Cloud by Vehumet.
  8079 | D:8      | Reached *** piety under Vehumet
  8267 | D:8      | Noticed a tengu warrior
  8269 | D:8      | Noticed a tengu warrior
  8272 | D:8      | Reached XP level 10. HP: 69/69 MP: 19/22
  8278 | D:8      | Killed a tengu warrior
  8279 | D:8      | Reached skill level 1 in Evocations
  8281 | D:8      | Killed a tengu warrior
  8549 | D:9      | Noticed a salamander
  8549 | D:9      | Noticed a green ugly thing
  8556 | D:9      | Killed a salamander
  8647 | D:9      | Learned a level 3 spell: Mephitic Cloud
  8652 | D:9      | Found a runed translucent door.
  8652 | D:9      | Noticed Caerun's ghost (novice GnWn)
  8707 | D:9      | Offered knowledge of Airstrike by Vehumet.
  8757 | D:9      | Reached skill level 9 in Spellcasting
  8897 | D:9      | Noticed a cyclops
  8948 | D:9      | Noticed a centaur warrior
  8948 | D:9      | Noticed a tengu warrior
  8950 | D:9      | Noticed a cyclops
  8955 | D:9      | Killed a green ugly thing
  8964 | D:9      | Killed a tengu warrior
  8965 | D:9      | Reached XP level 11. HP: 64/75 MP: 16/24
  8979 | D:9      | Killed a centaur warrior
  9095 | D:9      | Noticed an orc sorcerer
  9118 | D:9      | Found a flagged portal.
  9126 | D:9      | Reached **** piety under Vehumet
  9141 | Bailey   | Entered a bailey
  9437 | Bailey   | Found a large runed translucent door.
  9437 | Bailey   | Found a large runed translucent door.
  9438 | Bailey   | Noticed a deep elf pyromancer
  9512 | Bailey   | Offered knowledge of Iskenderun's Battlesphere by Vehumet.
  9513 | Bailey   | Noticed an orc knight
  9617 | Bailey   | Found the +3 pair of mountain boots {steadfast, rC+}
  9617 | Bailey   | Found the +5 robe of Night {Dark Will+ SInv}
  9658 | Bailey   | Killed an orc knight
  9659 | Bailey   | Reached skill level 10 in Spellcasting
  9659 | Bailey   | Reached skill level 10 in Ice Magic
  9754 | Bailey   | Killed a deep elf pyromancer
  9787 | Bailey   | Identified the +0 ice dragon scales "Qacub" {-Cast rF- rC++
                  | rCorr Dex+4 Stlth+}
  9860 | D:9      | Killed an orc sorcerer
 10112 | D:9      | Found Usmeif's General Store.
 10118 | D:9      | Bought a potion of curing for 45 gold pieces
 10240 | D:10     | Entered Level 10 of the Dungeon
 10333 | D:10     | Noticed a two-headed ogre
 10338 | D:10     | Killed a two-headed ogre
 10429 | D:10     | Found an iron altar of Okawaru.
 10477 | D:10     | Found a shimmering blue altar of Sif Muna.
 10495 | D:10     | Found an ancient bone altar of Kikubaaqudgha.
 10813 | D:10     | Learned a level 5 spell: Freezing Cloud
 10853 | D:11     | Gained mutation: You regenerate a little health from kills.
                  | [demonic ancestry]
 10853 | D:11     | Reached XP level 12. HP: 83/83 MP: 26/26
 10874 | D:11     | Reached skill level 5 in Short Blades
 10874 | D:11     | Reached skill level 10 in Stealth
 11112 | D:11     | Found a staircase to the Orcish Mines.
 11113 | D:11     | Reached ***** piety under Vehumet
 11115 | D:11     | Offered knowledge of Fireball by Vehumet.
 11292 | D:11     | Noticed a two-headed ogre
 11305 | D:11     | Killed a two-headed ogre
 11306 | D:11     | Reached skill level 11 in Spellcasting
 11536 | D:11     | Found a staircase to the Lair.
 11768 | D:11     | Noticed a fire dragon
 11835 | D:11     | Noticed Josephine
 11852 | D:11     | Killed Josephine
 11883 | D:11     | Noticed a stone giant
 11887 | D:11     | Noticed a stone giant
 11888 | D:11     | Killed a stone giant
 11906 | D:11     | Killed a stone giant
 12001 | D:11     | Identified the +8 hand axe of Woe {vorpal, rCorr}
 12168 | D:11     | Noticed a boulder beetle
 12192 | D:11     | Killed a boulder beetle
 12592 | D:11     | Noticed a ghost moth
 12660 | D:11     | Noticed a spark wasp
 12662 | D:11     | a spark wasp changed into a great orb of eyes
 12662 | D:11     | Noticed a great orb of eyes (glowing shapeshifter)
 12665 | D:11     | a great orb of eyes changed into an anaconda
 12665 | D:11     | Noticed an anaconda (glowing shapeshifter)
 12667 | D:11     | an anaconda changed into a goliath frog
 12670 | D:11     | Reached skill level 12 in Spellcasting
 12737 | D:11     | Noticed an ettin
 12747 | D:11     | Killed an ettin
 12795 | D:11     | Gained mutation: Spells you cast may paralyse nearby
                  | enemies. [demonic ancestry]
 12795 | D:11     | Reached XP level 13. HP: 84/88 MP: 23/29
 12890 | D:11     | Noticed Grum
 12904 | D:11     | Noticed Sonja
 12906 | D:11     | Killed Grum
 12914 | D:11     | Killed Sonja
 13079 | Lair:1   | Entered Level 1 of the Lair of Beasts
 13114 | Lair:1   | Found a runed translucent door.
 13136 | Lair:1   | Reached skill level 1 in Conjurations
 13694 | Lair:1   | Identified a scroll of acquirement
 13699 | Lair:1   | Acquired 1089 gold pieces
 14498 | Lair:2   | Reached skill level 1 in Shields
 14582 | Lair:2   | Found a staircase to the Shoals.
 15338 | Lair:3   | Offered knowledge of Iron Shot by Vehumet.
 15635 | Lair:3   | Acquired 921 gold pieces
 15652 | Lair:3   | Found a shimmering altar of Xom.
 15707 | Lair:3   | Reached skill level 13 in Spellcasting
 15761 | Lair:3   | Found a staircase to the Snake Pit.
 16655 | Lair:4   | Reached XP level 14. HP: 85/95 MP: 26/31
 17402 | Lair:5   | Entered Level 5 of the Lair of Beasts
 17412 | Lair:5   | Found a viscous altar of Jiyva.
 17412 | Lair:5   | Found a staircase to the Slime Pits.
 18079 | Lair:5   | Offered knowledge of Arcjolt by Vehumet.
 18231 | Lair:5   | Noticed Snorg
 18240 | Lair:5   | Killed Snorg
 18378 | Lair:5   | Found a snail-covered altar of Cheibriados.
 19062 | D:11     | Reached skill level 5 in Shields
 19191 | Orc:1    | Entered Level 1 of the Orcish Mines
 19194 | Orc:1    | Noticed Erica
 19218 | Orc:1    | Killed Erica
 19466 | Orc:2    | Entered Level 2 of the Orcish Mines
 19952 | Orc:2    | Learned a level 3 spell: Swiftness
 19960 | Orc:2    | Found a burning altar of Makhleb.
 19987 | Orc:2    | Found a staircase to the Elven Halls.
 20173 | Orc:2    | Reached skill level 14 in Spellcasting
 20258 | Orc:2    | Found Niytomen's Book Emporium.
 20323 | Orc:2    | Found Qoula's General Store.
 20542 | Orc:2    | Noticed an orc warlord
 20570 | Orc:2    | Offered knowledge of Ozocubu's Refrigeration by Vehumet.
 20582 | Orc:2    | Learned a level 7 spell: Ozocubu's Refrigeration
 20639 | Orc:2    | Found Joadauss's Antique Armour Shop.
 20639 | Orc:2    | Found Xeghimo's Antique Weapon Emporium.
 20740 | Orc:2    | Bought a distressingly furry robe for 102 gold pieces
 20740 | Orc:2    | Identified the +0 robe of Intuition {Drain Dex+5} (You
                  | bought it in a shop on level 2 of the Orcish Mines)
 20766 | Orc:2    | Killed an orc warlord
 21304 | D:12     | Gained mutation: Your magical and physical power is
                  | slightly enhanced at high health. [demonic ancestry]
 21304 | D:12     | Reached XP level 15. HP: 100/100 MP: 26/33
 23489 | D:14     | Found a gate to the Vaults.
 24180 | D:14     | Offered knowledge of Irradiate by Vehumet.
 24361 | D:15     | Entered Level 15 of the Dungeon
 24828 | D:15     | Reached skill level 15 in Spellcasting
 25151 | D:15     | Found a staircase to the Depths.
 25984 | Snake:1  | Entered Level 1 of the Snake Pit
 26098 | Snake:1  | Noticed Agnes
 26105 | Snake:1  | Killed Agnes
 26189 | Snake:1  | Identified the +1 robe "Poppamae" {Drain rElec Str+7
                  | Slay+6}
 26542 | Snake:1  | Gained mutation: You have a pair of large antennae on your
                  | head. (SInv) [demonic ancestry]
 26542 | Snake:1  | Reached XP level 16. HP: 108/108 MP: 26/35
 27073 | Snake:2  | Reached skill level 15 in Ice Magic
 27151 | Snake:2  | Found a frozen archway.
 27161 | Snake:2  | Found Faos Ley's Assorted Antiques.
 27189 | Snake:2  | Bought a scroll of teleportation for 93 gold pieces
 27216 | Snake:2  | Offered knowledge of Spellforged Servitor by Vehumet.
 27311 | IceCv    | Entered an ice cave
 27336 | IceCv    | Found a transporter.
 27551 | IceCv    | Found a transporter.
 28584 | Snake:2  | Found a runed translucent door.
 29016 | Snake:3  | Reached skill level 1 in Air Magic
 29020 | Snake:3  | Reached skill level 16 in Spellcasting
 29531 | Snake:3  | Noticed Azrael
 29534 | Snake:3  | Killed Azrael
 29578 | Snake:3  | Reached ****** piety under Vehumet
 29581 | Snake:3  | Offered knowledge of Conjure Ball Lightning by Vehumet.
 30019 | Snake:3  | Found a broken altar of Ashenzari.
 30216 | Snake:4  | Entered Level 4 of the Snake Pit
 30216 | Snake:4  | Found Patweyno's Magic Scroll Shop.
 30230 | Snake:4  | Bought a scroll of teleportation for 45 gold pieces
 30230 | Snake:4  | Bought a scroll of teleportation for 45 gold pieces
 30230 | Snake:4  | Bought a scroll of fog for 60 gold pieces
 30519 | Snake:4  | Found Buggil's Specific Store.
 30521 | Snake:4  | Found Pexyitirr's General Store.
 30528 | Snake:4  | Gained mutation: When seriously injured, your blood forms
                  | very thick armour. (AC +12) [demonic ancestry]
 30528 | Snake:4  | Reached XP level 17. HP: 113/113 MP: 37/37
 30643 | Snake:4  | Bought a potion of heal wounds for 75 gold pieces
 30827 | Snake:4  | Found Uzoadad's General Store.
 30911 | Snake:4  | Found Xyrayrgh's Antique Weapon Shoppe.
 32323 | Snake:4  | Reached skill level 10 in Short Blades
 32323 | Snake:4  | Offered knowledge of Fire Storm by Vehumet.
 32323 | Snake:4  | Offered knowledge of Chain Lightning by Vehumet.
 32323 | Snake:4  | Offered knowledge of Maxwell's Capacitive Coupling by
                  | Vehumet.
 32685 | Snake:4  | Reached skill level 17 in Spellcasting
 32716 | Snake:4  | Got a serpentine rune of Zot
 33243 | Elf:1    | Entered Level 1 of the Elven Halls
 33306 | Elf:1    | Reached skill level 5 in Fighting
 33394 | Elf:1    | Found Zizogul's Antique Armour Shop.
 33671 | Elf:1    | Reached skill level 5 in Air Magic
 33821 | Elf:1    | Got the Dissertation on the Hazy Congregation
 33962 | Elf:1    | Found Fuyjipna's Assorted Antiques.
 33967 | Elf:1    | Bought a potion of curing for 60 gold pieces
 33967 | Elf:1    | Bought 2 potions of brilliance for 160 gold pieces
 34176 | Elf:1    | Got the Compendium of Combat Magic
 34271 | Elf:1    | Paralysed by an air elemental for 1 turns
 34510 | Elf:1    | Learned a level 4 spell: Airstrike
 34785 | Elf:2    | Gained mutation: Your magical and physical power is
                  | enhanced at high health. [demonic ancestry]
 34785 | Elf:2    | Reached XP level 18. HP: 121/121 MP: 39/39
 34840 | Elf:2    | Paralysed by an air elemental for 1 turns
 34845 | Elf:2    | Paralysed by an air elemental for 1 turns
 34847 | Elf:2    | Paralysed by an air elemental for 1 turns
 34849 | Elf:2    | Paralysed by an air elemental for 1 turns
 35131 | Elf:2    | Found a runed translucent gate.
 35131 | Elf:2    | Found a runed translucent gate.
 35131 | Elf:2    | Found a runed translucent gate.
 35154 | Elf:2    | Reached skill level 5 in Dodging
 36092 | Elf:3    | Entered Level 3 of the Elven Halls
 36173 | Elf:3    | Found Geludul's Armour Emporium.
 36372 | Elf:3    | Paralysed by an air elemental for 1 turns
 37045 | Shoals:1 | Entered Level 1 of the Shoals
 37360 | Shoals:1 | Found a transporter.
 37473 | Shoals:1 | Found a transporter.
 37482 | Shoals:1 | Found a one-way gate to the infinite horrors of the Abyss.
 37482 | Shoals:1 | Noticed Hemirghao's ghost (adept SpEn)
 38190 | Shoals:2 | Found Ileidd's Vocational Training.
 38197 | Shoals:2 | Bought a manual of Evocations for 1040 gold pieces
 38364 | Shoals:2 | Noticed Ilsuiw
 38398 | Shoals:2 | Noticed Jorgrun
 39150 | Shoals:2 | Killed Jorgrun
 39488 | Shoals:3 | Identified Roxanne's Vademecum on the Boulder
 39488 | Shoals:3 | Noticed Roxanne
 39606 | Shoals:3 | Identified the +1 pair of gloves of Moral Flaws {Int+2
                  | Stlth+}
 39987 | Shoals:4 | Entered Level 4 of the Shoals
 40080 | Shoals:4 | Reached skill level 18 in Spellcasting
 40081 | Shoals:4 | Reached skill level 15 in Stealth
 40100 | Shoals:4 | Got a barnacled rune of Zot
 41289 | Shoals:4 | Gained mutation: Your magical and physical power is greatly
                  | enhanced at high health. [demonic ancestry]
 41289 | Shoals:4 | Reached XP level 19. HP: 130/130 MP: 20/41
 42057 | Vaults:1 | Entered Level 1 of the Vaults
 44145 | Vaults:2 | Found a portal to a secret trove of treasure.
 44285 | Vaults:2 | Noticed Margery
 44310 | Vaults:2 | Killed Margery
 44753 | Vaults:2 | Found a staircase to the Crypt.
 45105 | Vaults:2 | Found Unkeabe's Armour Emporium.
 45232 | Vaults:2 | Noticed Asterion
 45236 | Vaults:2 | Killed Asterion
 46058 | D:9      | Killed Caerun's ghost
 46336 | Vaults:3 | Reached skill level 19 in Spellcasting
 46508 | Vaults:3 | HP: 7/199 [war gargoyle/+3 vorpal flail[a peacekeeper]
                  | (34)]
 46508 | Vaults:3 | HP: 2/199 [war gargoyle/+3 vorpal flail[a peacekeeper] (5)]
 46510 | Vaults:3 | Gained mutation: Spells you cast and wands you use may
                  | paralyse nearby enemies. [demonic ancestry]
 46510 | Vaults:3 | Reached XP level 20. HP: 2/139 MP: 10/43
 46511 | Vaults:3 | Mangled by an ironbound frostheart

Illustrated notes

Levels and vault maps discovered:
D:1:      ncdulo_lavacross, layout_basic, corner_web_ring
D:2:      layout_loops_ring, shapermc_ecumenical_altar_ellora, kennysheep_boxes,
          uniq_sigmund
D:3:      layout_basic, nicolae_qazlal_style_of_elements,
          nicolae_figureground_pulse
D:4:      layout_loops_corners, nicolae_hepliaklqana_hazy_memory,
          fedhas_ov_isle_minmay, gammafunk_ghost_split, hangedman_decor_points,
          st_stairs_11
D:5:      layout_loops_cross, nicolae_gozag_seed_capital,
          minmay_temple_entry_slanted, st_stairs_5, uniq_edmund, uniq_duvessa
D:6:      layout_basic, grunt_dithmenos_smoke_and_mirrors, old_standard_altar,
          uniq_grinder, uniq_eustachio
D:7:      layout_cave_pools
D:8:      layout_loops_ring, old_standard_altar, kennysheep_small_square
D:9:      layout_basic, enter_bailey_5, hellmonk_ghost_happy_afterlife,
          serial_shops, nicolae_shop_trees, minmay_the_grid_2x2
          [minmay_the_grid_broken_lines, minmay_the_grid_eight,
          minmay_the_grid_tri_star, minmay_the_grid_prize_big_room]
D:10:     layout_cave_pools, nicolae_sif_muna_little_library,
          hangedman_feature_mirror
D:11:     nzn_winding_woodlands_large [nzn_winding_woodlands_5x5_perimeter,
          nzn_winding_woodlands_5x15_concentric,
          nzn_winding_woodlands_5x5_closed_star,
          nzn_winding_woodlands_center_lodge,
          nzn_winding_woodlands_15x15_boxy_spiral,
          nzn_winding_woodlands_center_pierced_h,
          nzn_winding_woodlands_5x5_checkerboard,
          nzn_winding_woodlands_5x15_pool, nzn_winding_woodlands_5x5_open_star],
          layout_cave_pools, hiddenorc2_lemuel, serial_bayou,
          serial_bayou_lagoon_b, serial_bayou_pond_b, serial_bayou_shore_a,
          serial_bayou_pond_d, uniq_josephine, uniq_grum, uniq_sonja
D:12:     layout_basic
D:13:     layout_rooms
D:14:     layout_stronghold, skrybe_vaults_entry_preservation,
          nicolae_elyvilon_peaceful_grove
D:15:     grunt_enter_depths_giant_problem, layout_loops_corners,
          nicolae_figureground_sparkle
Temple:   nicolae_temple_ecumenical_triangle
Lair:1:   layout_hall_layers, ebering_ghost_reflecting_pool, serial_forest,
          infiniplex_forest_straight_5, infiniplex_forest_side_room,
          infiniplex_forest_straight_5, infiniplex_forest_straight_1,
          infiniplex_forest_straight_4, infiniplex_forest_lined_2,
          infiniplex_forest_zigzag_1, grunt_megastairs_4
Lair:2:   layout_misc_corridors, minmay_shoals_entry_hut,
          chequers_serial_rivers_room_b, fungi_pond_lemuel,
          chequers_serial_rivers_small_b, columned_hall_lemuel, st_stairs_12,
          serial_bayou_shore_b, grunt_megastairs_2
Lair:3:   layout_long_grid, minmay_snake_entry_six_corridors, basic_altar,
          grunt_megastairs_3
Lair:4:   layout_hall_layers, forest_entry_grove, infiniplex_staircase_pool,
          grunt_megastairs_5
Lair:5:   minmay_lair_end_frog_pond, layout_regular_city, slime_entry_1,
          basic_altar, infiniplex_staircase_pool_2, uniq_snorg
Shoals:1: layout_shoals, gammafunk_ghost_abyssal_escape,
          nicolae_shoals_square_sea_wall
Shoals:2: layout_shoals, nicolae_shop_vocational, uniq_ilsuiw, uniq_jorgrun
Shoals:3: layout_shoals, uniq_roxanne
Shoals:4: shoals_end_grunt_ice, layout_shoals, shoals_ilsuiw_alternative,
          nicolae_shoals_circle_sea_wall
Snake:1:  layout_rooms, serial_bayou_shore_b, uniq_agnes
Snake:2:  cheibrodos_toxic_ritual, layout_misc_corridors, serial_shops,
          nicolae_shop_overgrown_old_shop, portal_ice_cave_entry_pillars_1,
          serial_bayou, serial_bayou_lake_a, serial_bayou_shore_b,
          serial_bayou_lagoon_a, serial_bayou_pond_a, serial_bayou_ford_a,
          serial_bayou_pond_c, drop_trap
Snake:3:  nicolae_sea_snake_s, layout_misc_corridors, basic_altar,
          nicolae_snake_coiling_death, uniq_azrael
Snake:4:  snake_pit_salamanders_mu, layout_cave_town, serial_shops, shop,
          nicolae_shop_stone, shop, st_stairs_8, nicolae_specific_store,
          nicolae_large_snake_swirl, serial_bayou_shore_b
Orc:1:    layout_caves, uniq_erica
Orc:2:    st_orc_town, layout_diamond_mine, basic_altar
Elf:1:    elf_arrival_001, layout_rooms, serial_shops, shop_statue,
          nicolae_shop_advertising_works [nicolae_subvault_shop_adworks],
          minmay_elf_sorcery
Elf:2:    elven_hall_of_blades_hangedman_original [nicolae_blade_lattice],
          layout_loops_cross, minivault_5
Elf:3:    minmay_elf_hall_furrowed, layout_loops_cross, serial_shops, shop
Vaults:1: ontoclasm_vaults_twist, v_alt_pattern_6, ontoclasm_vaults_shuriken,
          vaults_dpeg_ring, hangedman_vaults_cutoff,
          hangedman_vaults_variations, v_rooms_1,
          nicolae_vaults_inception_statues, vaults_dpeg_spiral,
          vaults_room_octagon, vaults_room_pools, layout_vaults_omnibox
Vaults:2: minmay_crypt_entry_simple_statues, nicolae_vaults_little_squares_2,
          v_misc_32, v_misc_17, vaults_room_hallway,
          hangedman_vaults_river_flow, nicolae_vaults_yaktaur_gun_rack,
          dpeg_vaults_monster_box, v_misc_16, layout_vaults_chaotic_city,
          enter_trove_2, uniq_margery, uniq_asterion
Vaults:3: gammafunk_ghost_cemetery, hangedman_vaults_snaps, v_misc_23,
          v_pattern_2, ontoclasm_vaults_bender, ontoclasm_vaults_loading_screen,
          grunt_vaults_diagonal, hangedman_vaults_slither, v_misc_12,
          nicolae_vaults_fighting_squares, vaults_dpeg_cross, v_rooms_4,
          serial_ice_b, ontoclasm_vaults_fault, v_misc_25,
          layout_vaults_maze_bifur

Skill      XL: |  1  2  3  4  5  6  7  8  9 10 11 12 13 14 15 16 17 18 19 |
---------------+----------------------------------------------------------+-----
Ice Magic      | 4 5 6 7 8 9 10 11 12 13 14 15 16 17 18 | 18.1
Dodging        | 2 3 4 6 8 |  8.2
Spellcasting   | 3 4 5 7 8 9 10 12 13 14 15 16 17 18 19 | 19.0
Stealth        | 2 4 6 7 9 11 12 13 14 15 | 15.4
Short Blades   | 1 2 3 4 5 6 8 9 10 11 | 11.2
Fighting       | 1 2 3 4 5 6 7 |  7.5
Evocations     | 1 |  1.3
Conjurations   | 1 2 |  2.2
Shields        | 3 5 6 8 |  8.4
Air Magic      | 3 5 |  5.1
Poison Magic   | |  0.3

Action                   |  1- 3 |  4- 6 |  7- 9 | 10-12 | 13-15 | 16-18 | 19-21 || total
-------------------------+-------+-------+-------+-------+-------+-------+-------++-------
Melee: Short sword       |    36 |    79 |    77 |       |       |       |       ||   192
       Unarmed           |     6 |       |       |       |       |       |       ||     6
       Punch             |       |       |     3 |     2 |       |       |       ||     5
       Dagger            |       |       |    66 |   231 |   191 |       |       ||   488
       Rapier            |       |       |       |       |   244 |   500 |   160 ||   904
 Cast: Freeze            |    36 |    90 |   114 |   225 |   359 |     2 |     1 ||   827
       Frozen Ramparts   |       |     5 |    10 |    14 |    26 |     2 |     4 ||    61
       Ozocubu's Armour  |       |     3 |    21 |    26 |    96 |    78 |    26 ||   250
       Mephitic Cloud    |       |       |       |     3 |       |     1 |       ||     4
       Freezing Cloud    |       |       |       |     1 |     9 |       |     4 ||    14
       Ozocubu's Refrige |       |       |       |       |    76 |   262 |    97 ||   435
       Swiftness         |       |       |       |       |     1 |       |     3 ||     4
       Airstrike         |       |       |       |       |       |    17 |     2 ||    19
Evoke: Wand              |       |     1 |     6 |    10 |       |       |       ||    17
  Use: Potion            |       |     1 |       |     6 |     1 |     9 |     5 ||    22
       Scroll            |       |    13 |     7 |     5 |    16 |    15 |     2 ||    58
 Stab: Sleeping          |     3 |     4 |    10 |    21 |    51 |    69 |    26 ||   184
       Paralysed         |       |     4 |    60 |    85 |   162 |    56 |    30 ||   397
       Confused          |       |       |       |     2 |       |       |       ||     2
       Distracted        |       |       |       |     5 |     4 |     1 |       ||    10
Armor: Robe              |    14 |    30 |    43 |   119 |   212 |   189 |    49 ||   656
Dodge: Dodged            |    55 |   105 |    86 |   198 |   319 |   210 |    78 ||  1051
Block: Other             |       |       |       |       |    36 |       |       ||    36
       Buckler           |       |       |       |       |   167 |   198 |    85 ||   450
       Reflection        |       |       |       |       |     7 |    17 |     9 ||    33

Table legend: (Time is in decaauts)
 A = Elapsed time spent in this place.
 B = Non-inter-level travel time spent in this place.
 C = Inter-level travel time spent in this place.
 D = Time resting spent in this place.
 E = Time spent auto-exploring this place.
 F = Levels seen in this place.
 G = Mean time per level.
                   A        B        C        D        E       F      G
               +--------+--------+--------+--------+--------+-----+--------+
         Total |  46659 |  43324 |   3335 |   6687 |  27416 |  39 | 1196.4 |
       Dungeon |  17983 |  16329 |   1654 |   1921 |  10783 |  15 | 1198.9 |
        Temple |     43 |     27 |     16 |      0 |      0 |   1 |   43.0 |
          Lair |   6127 |   5515 |    612 |    203 |   4208 |   5 | 1225.4 |
        Shoals |   4979 |   4783 |    196 |    796 |   3193 |   4 | 1244.8 |
     Snake Pit |   6633 |   6348 |    285 |   1462 |   3740 |   4 | 1658.2 |
  Orcish Mines |   1870 |   1689 |    181 |     98 |   1070 |   2 |  935.0 |
   Elven Halls |   3686 |   3504 |    182 |    678 |   2063 |   3 | 1228.7 |
        Vaults |   4197 |   3991 |    206 |    941 |   2155 |   3 | 1399.0 |
        Bailey |    684 |    684 |      0 |    262 |    187 |   1 |  684.0 |
      Ice Cave |    454 |    454 |      0 |    326 |     16 |   1 |  454.0 |
               +--------+--------+--------+--------+--------+-----+--------+

Top non-repeatable levels by time:
    D:11: 2804 daAuts
 Snake:4: 2753 daAuts
Vaults:1: 2169 daAuts
Vaults:2: 1787 daAuts
Shoals:4: 1747 daAuts
    D:14: 1664 daAuts
     D:5: 1553 daAuts
 Snake:2: 1552 daAuts
  Lair:5: 1547 daAuts
   Elf:2: 1486 daAuts
    D:15: 1475 daAuts
   Elf:1: 1447 daAuts
Shoals:2: 1386 daAuts
  Lair:1: 1318 daAuts
   Orc:2: 1296 daAuts
